 Dungeon Crawl Stone Soup version 0.21-a0-476-gd103f4b (webtiles) character file.

10951 tof the Carver (level 11, -18/129 HPs)
             Began as a Demonspawn Berserker on Nov 22, 2017.
             Was a High Priest of Trog.
             Demolished by a white ugly thing (23 damage)
             ... on level 11 of the Dungeon.
             The game lasted 00:32:23 (12064 turns).

tof the Carver (Demonspawn Berserker)              Turns: 12064, Time: 00:32:24

Health: -18/129    AC: 18    Str: 18    XL:     11   Next: 42%
Magic:  0/3        EV: 16    Int: 13    God:    Trog [*****.]
Gold:   205        SH:  0    Dex: 20    Spells: 10/10 levels left

rFire    + . .     SeeInvis +   G - +7 dagger of Disarray {antimagic, +Fly Int+2}
rCold    . . .     Gourm    .   (no shield)
rNeg     . . .     Faith    .   H - +3 ring mail
rPois    .         Spirit   +   (helmet restricted)
rElec    +         Reflect  .   (no cloak)
rCorr    .         Harm     .   r - +1 pair of gloves
MR       ++...                  (no boots)
Stlth    ..........             w - amulet of regeneration
HPRegen  1.71/turn              p - +5 ring of protection
MPRegen  0.16/turn              x - ring of Itutow {rElec rF+ Str-5 Int+2 Dex+5}

@: berserking, regenerating, very quick
A: claws 1, horns 1, slimy green scales 1, see invisible, powered by death 3,
wild magic 2, magic shield, magic regeneration
a: Berserk, Trog's Hand, Brothers in Arms, Burn Spellbooks, Renounce Religion,
Evoke Flight


You were on level 11 of the Dungeon.
You worshipped Trog.
Trog was extremely pleased with you.
You were very hungry.

You visited 1 branch of the dungeon, and saw 11 of its levels.

You collected 612 gold pieces.
You spent 407 gold pieces at shops.

Inventory:

Hand Weapons
 a - a +0 scimitar
 b - a +0 blowgun
 z - a +4 scimitar of freezing
 G - the +7 dagger of Disarray (weapon) {antimagic, +Fly Int+2}
   (You found it on level 7 of the Dungeon)

   It reduces the magical energy of the wielder, and disrupts the spells and
   magical abilities of those hit.
   Natural abilities and divine invocations are not affected.
   It affects your intelligence (+2).
   It lets you fly.
Missiles
 h - 84 poisoned needles
 J - 11 javelins
 Q - 7 steel javelins (quivered)
Armour
 r - a +1 pair of gloves (worn)
 H - a +3 ring mail (worn)
Jewellery
 e - an uncursed ring of see invisible
 p - a +5 ring of protection (left hand)
 w - an amulet of regeneration (around neck)
 x - the ring of Itutow (right hand) {rElec rF+ Str-5 Int+2 Dex+5}
   (You found it on level 4 of the Dungeon)

   [ring of dexterity]

   It affects your strength (-5).
   It affects your intelligence (+2).
   It affects your dexterity (+5).
   It protects you from fire.
   It insulates you from electricity.
Wands
 D - a wand of acid (10)
 F - a wand of flame (23)
 I - a wand of random effects (13)
 M - a wand of paralysis (19)
 S - a wand of polymorph (20)
 T - a wand of digging (33)
Scrolls
 i - 2 scrolls of enchant armour
 k - 2 scrolls of fog
 m - 3 scrolls of teleportation
 n - a scroll of enchant weapon {unknown}
 o - 2 scrolls of fear {unknown}
 q - 4 scrolls of remove curse
 s - a scroll of magic mapping
 y - a scroll of blinking {unknown}
 C - a scroll of summoning
 K - a scroll of brand weapon {unknown}
 U - 5 scrolls of identify
Potions
 j - 2 potions of curing {unknown}
 l - 5 potions of heal wounds
 t - 2 potions of cancellation
 u - 4 potions of flight
 v - 3 potions of ambrosia {unknown}
 A - a potion of mutation
 B - 2 potions of berserk rage {unknown}
 E - a potion of haste {unknown}
 L - a potion of agility {unknown}
 O - a potion of resistance {unknown}
 P - 2 potions of might
 V - a potion of invisibility
Books
 N - a book of Misfortune

   Spells                             Type                      Level
   a - Confusing Touch                Hexes                        1
   b - Confuse                        Hexes                        3
   c - Gell's Gravitas                Translocation                3
   d - Petrify                        Transmutation/Earth          4
   e - Metabolic Englaciation         Hexes/Ice                    5
   f - Yara's Violent Unravelling     Hexes/Transmutation          5
   Trog disapproves of the use of such an item.
Comestibles
 c - 10 bread rations
 d - 5 royal jellies
 f - 9 meat rations
 g - a fruit
 R - 7 chunks of flesh


   Skills:
 + Level 8.1 Fighting
 * Level 10.1 Long Blades
 + Level 6.5 Throwing
 + Level 7.1 Armour
 + Level 7.0 Dodging


You had 10 spell levels left.
You didn't know any spells.

Dungeon Overview and Level Annotations

Branches:
Dungeon (11/15)            Temple (0/1) D:4            Lair (0/6) D:8
    Orc: D:9-12

Altars:
Kikubaaqudgha
Nemelex Xobeh
Ru
Trog
Yredelemnul

Shops:
D:4 (   D:5 *!

Annotations:
D:5 SHOP (digging/blink)


Innate Abilities, Weirdness & Mutations

You have sharp fingernails.
You are partially covered in slimy green scales. (AC +2)
You regenerate a lot of health from kills.
When hurt, damage is shared between your health and your magic reserves.
You regenerate magic rapidly.
You have a pair of small horns on your head.
You have supernaturally acute eyesight. (SInv)
Your spells are harder to cast, but more powerful.


Message History

You feel resistant to hostile enchantments.
You feel somewhat more hungry.
The white ugly thing gores you but does no damage.
A red film seems to cover your vision as you go berserk!
You feel yourself moving faster!
You feel mighty!
You are feeling very hungry.
The white ugly thing gores you.
* * * LOW HITPOINT WARNING * * *
The white ugly thing freezes you!!
* * * LOW HITPOINT WARNING * * *
You impale the white ugly thing!! You headbutt the white ugly thing.
The white ugly thing is heavily wounded.
You puncture the white ugly thing!
The white ugly thing is severely wounded.
You puncture the white ugly thing!
The white ugly thing is almost dead.
The white ugly thing gores you!
* * * LOW HITPOINT WARNING * * *
The white ugly thing freezes you!!
You die...

#.# #.# ##.#######
#........# ## #........#
... #........# ....
###......).# .....
#..........#######......
..#........#..>.@u......
###..........#####......
# #........### .....
########## .... #+#


You could see a white ugly thing.

Vanquished Creatures
  3 two-headed ogres
  3 death yaks (D:7)
  The ghost of dvd the Digger, a novice DgEE (D:5)
  2 polar bears
  Prince Ribbit (D:5)
  A centaur simulacrum (D:10)
  2 yaks
  Edmund (D:6)
  2 porcupines (D:8)
  A water moccasin (D:10)
  An eye of draining (D:11)
  2 orc warriors
  8 ice beasts
  A sky beast (D:7)
  A necrophage (D:10)
  5 phantoms
  2 centaurs
  A wolf (D:10)
  6 ogres
  6 bullfrogs
  Blork the orc (D:6)
  An elf skeleton (D:10)
  A scorpion (D:10)
  2 troll zombies (D:10)
  3 killer bees (D:10)
  A troll skeleton (D:10)
  2 howler monkeys
  8 wights
  An electric eel (D:10)
  4 crimson imps
  A centaur zombie (D:9)
  5 hounds
  A quasit (D:10)
  3 human zombies (D:10)
  2 bullfrog zombies
  A bullfrog skeleton (D:7)
  5 jellies
  2 centaur skeletons
  3 orc priests
  3 human skeletons (D:10)
  5 orc wizards
  An iguana (D:6)
  11 worker ants
  A hound zombie (D:8)
  A mummy (D:10)
  A howler monkey zombie (D:9)
  A worker ant zombie (D:5)
  15 adders
  5 gnolls
  3 river rats (D:8)
  A shadow imp (D:8)
  4 white imps
  A worker ant simulacrum (D:10)
  4 ufetubi
  2 oozes
  2 adder skeletons
  2 adder zombies
  4 worms
  2 dart slugs
  5 leopard geckos
  15 orcs
  6 bats
  6 giant cockroaches
  6 goblins
  4 hobgoblins
  14 jackals
  5 quokkas
  4 ball pythons
  5 frilled lizards
  8 kobolds
  2 leopard gecko skeletons
  A quokka skeleton (D:4)
  12 rats
259 creatures vanquished.

Notes
Turn   | Place    | Note
-------+----------+-------------------------------------------
     0 | D:1      | tof the Demonspawn Berserker began the quest for the Orb.
     0 | D:1      | Reached XP level 1. HP: 18/18 MP: 1/1
    66 | D:1      | Gained mutation: You regenerate a little health from kills. [demonic ancestry]
    66 | D:1      | Reached XP level 2. HP: 10/24 MP: 2/2
   350 | D:1      | Reached skill level 3 in Long Blades
   991 | D:1      | Reached XP level 3. HP: 23/29 MP: 3/3
  1617 | D:2      | Found a sparkling altar of Nemelex Xobeh.
  2582 | D:3      | Reached ** piety under Trog
  3012 | D:3      | Reached XP level 4. HP: 27/35 MP: 4/4
  4049 | D:4      | Found Komm's Antique Weapon Emporium.
  4056 | D:4      | Noticed an ogre
  4058 | D:4      | Noticed an ogre
  4062 | D:4      | Killed an ogre
  4062 | D:4      | Reached skill level 4 in Long Blades
  4062 | D:4      | Reached skill level 1 in Throwing
  4062 | D:4      | Gained mutation: You regenerate health from kills. [demonic ancestry]
  4062 | D:4      | Reached XP level 5. HP: 42/42 MP: 5/5
  4068 | D:4      | Killed an ogre
  4068 | D:4      | Gained mutation: When hurt, damage is shared between your health and your magic reserves. [demonic ancestry]
  4068 | D:4      | Reached XP level 6. HP: 47/48 MP: 6/6
  4070 | D:4      | Found a staircase to the Ecumenical Temple.
  4366 | D:4      | Got a sparkling ivory ring
  4369 | D:4      | Identified the ring of Itutow {rElec rF+ Str-5 Int+2 Dex+5} (You found it on level 4 of the Dungeon)
  4626 | D:5      | Entered Level 5 of the Dungeon
  4626 | D:5      | Noticed Prince Ribbit
  4745 | D:5      | Found Duedynof's Assorted Antiques.
  4816 | D:5      | Found Roaczaos's Distillery.
  4861 | D:5      | Reached XP level 7. HP: 52/54 MP: 7/7
  4970 | D:5      | Reached skill level 5 in Long Blades
  5227 | D:5      | Noticed a moth of wrath
  5230 | D:5      | Found a bloodstained altar of Trog.
  5927 | D:5      | Killed Prince Ribbit
  5927 | D:5      | Gained mutation: You regenerate a lot of health from kills. [demonic ancestry]
  5927 | D:5      | Reached XP level 8. HP: 20/61 MP: 2/8
  6050 | D:5      | Noticed dvd's ghost (novice DgEE)
  6067 | D:5      | Killed dvd's ghost
  6067 | D:5      | Reached skill level 5 in Fighting
  6067 | D:5      | Reached skill level 6 in Long Blades
  6204 | D:6      | Noticed Edmund
  6244 | D:6      | Killed Edmund
  6513 | D:6      | Reached *** piety under Trog
  6577 | D:6      | Noticed Blork the orc
  6584 | D:6      | Killed Blork the orc
  6584 | D:6      | Gained mutation: You have sharp fingernails. [demonic ancestry]
  6584 | D:6      | Reached XP level 9. HP: 69/69 MP: 7/9
  7002 | D:6      | Reached skill level 7 in Long Blades
  7463 | D:7      | Got a crude dagger
  7481 | D:7      | Identified the +7 dagger of Disarray {antimagic, +Fly Int+2} (You found it on level 7 of the Dungeon)
  7585 | D:7      | Reached skill level 5 in Armour
  7732 | D:7      | Reached skill level 5 in Dodging
  7895 | D:7      | Reached **** piety under Trog
  8405 | D:8      | Noticed a death yak
  8407 | D:8      | Noticed a death yak
  8544 | D:8      | Noticed a polar bear
  8565 | D:7      | Killed a polar bear
  8565 | D:7      | Reached skill level 8 in Long Blades
  8612 | D:8      | Noticed a death yak
  8628 | D:7      | Killed a death yak
  8628 | D:7      | Reached skill level 5 in Throwing
  8628 | D:7      | Gained mutation: You regenerate magic rapidly. [demonic ancestry]
  8628 | D:7      | Reached XP level 10. HP: 53/77 MP: 2/10
  8732 | D:7      | Killed a death yak
  8962 | D:7      | Killed a death yak
  8962 | D:7      | Reached skill level 9 in Long Blades
  9088 | D:8      | Found a staircase to the Lair.
  9984 | D:9      | Noticed a two-headed ogre
  9996 | D:9      | Killed a two-headed ogre
 10047 | D:9      | Found a sacrificial altar of Ru.
 10165 | D:9      | Noticed a two-headed ogre
 10181 | D:9      | Killed a two-headed ogre
 10181 | D:9      | Gained mutation: You are partially covered in slimy green scales. (AC +2) [demonic ancestry]
 10181 | D:9      | Reached XP level 11. HP: 42/85 MP: 1/11
 10427 | D:5      | Bought a potion of degeneration for 11 gold pieces
 10427 | D:5      | Bought a potion of flight for 33 gold pieces
 10427 | D:5      | Bought a potion of invisibility for 88 gold pieces
 10427 | D:5      | Bought a potion of cancellation for 88 gold pieces
 10427 | D:5      | Bought a potion of heal wounds for 55 gold pieces
 10427 | D:5      | Bought a potion of mutation for 88 gold pieces
 10427 | D:5      | Bought a potion of brilliance for 44 gold pieces
 10429 | D:5      | Gained mutation: You occasionally shout uncontrollably at your foes. [potion of mutation]
 10429 | D:5      | Gained mutation: Your magical capacity is low. (-10% MP) [potion of mutation]
 10429 | D:5      | Gained mutation: Your system is resistant to poisons. (rPois) [potion of mutation]
 10430 | D:5      | Lost mutation: You occasionally shout uncontrollably at your foes. [potion of mutation]
 10430 | D:5      | Lost mutation: Your magical capacity is low. (-10% MP) [potion of mutation]
 10430 | D:5      | Gained mutation: You are frail. (-10% HP) [potion of mutation]
 10430 | D:5      | Gained mutation: Your flesh is heat resistant. (rF+) [potion of mutation]
 10431 | D:5      | Lost mutation: You are frail. (-10% HP) [potion of mutation]
 10431 | D:5      | Lost mutation: Your system is resistant to poisons. (rPois) [potion of mutation]
 10431 | D:5      | Lost mutation: Your flesh is heat resistant. (rF+) [potion of mutation]
 10431 | D:5      | Gained mutation: Your spells are a little harder to cast, but a little more powerful. [potion of mutation]
 10431 | D:5      | Gained mutation: You have a pair of small horns on your head. [potion of mutation]
 10431 | D:5      | Gained mutation: Your spells are harder to cast, but more powerful. [potion of mutation]
 10431 | D:5      | Gained mutation: You have supernaturally acute eyesight. (SInv) [potion of mutation]
 10530 | D:10     | Entered Level 10 of the Dungeon
 11085 | D:10     | Found an ancient bone altar of Kikubaaqudgha.
 11588 | D:10     | Reached ***** piety under Trog
 11697 | D:10     | Received a gift from Trog
 11742 | D:10     | Reached skill level 10 in Long Blades
 11760 | D:10     | Found a basalt altar of Yredelemnul.
 11957 | D:11     | Noticed a two-headed ogre
 11977 | D:11     | Killed a two-headed ogre
 12039 | D:11     | Noticed a white ugly thing
 12064 | D:11     | HP: 5/129 [white ugly thing (8)]
 12064 | D:11     | Demolished by a white ugly thing

Vault maps used:
D:1:      onia_arrival_handbag
D:2:      lemuel_coloured_pillars_altar
D:3:      first_bread
D:4:      minmay_temple_entry_large_hall, serial_shops,
          nicolae_shop_overgrown_old_shop, minmay_misc_feat_rows, minivault_5,
          minmay_cupped
D:5:      serial_shops, shop, shop_statue, tgw_trog, uniq_prince_ribbit1
D:6:      uniq_edmund, uniq_blork_the_orc
D:7:      grunt_ogre_cave
D:8:      dpeg_lair_monsters, serial_ice, serial_ice_b, serial_ice_g,
          serial_ice_d, serial_ice_a
D:9:      basic_altar
D:10:     basic_altar, serial_ice, serial_ice_k, serial_ice_f, serial_ice_e,
          serial_ice_h, serial_ice_n, serial_ice_c, serial_ice_g,
          minmay_liquid_box, lemuel_mausoleum_altar_yredelemnul
D:11:     hiddenorc1_lemuel

Skill      XL: |  1  2  3  4  5  6  7  8  9 10 11 |
---------------+----------------------------------+-----
Dodging        | 2 3 4 5 6 7 |  7.0
Long Blades    | 3 4 5 6 8 9 10 | 10.1
Armour         | 2 3 4 5 6 7 |  7.1
Throwing       | 1 2 3 5 6 |  6.5
Fighting       | 4 5 6 7 8 |  8.1

Action                   |  1- 3 |  4- 6 |  7- 9 | 10-12 || total
-------------------------+-------+-------+-------+-------++-------
Melee: Falchion          |   162 |       |       |       ||   162
       Scimitar          |    11 |   109 |   311 |       ||   431
       Dagger            |       |       |   151 |   677 ||   828
       Headbutt          |       |       |       |   100 ||   100
Throw: Javelin           |       |       |    19 |    23 ||    42
       Throwing net      |       |       |       |     1 ||     1
Invok: Berserk           |       |     2 |     5 |     7 ||    14
       Trog's Hand       |       |     2 |     3 |     3 ||     8
Evoke: Wand              |       |       |       |     1 ||     1
  Use: Scroll            |       |     7 |     2 |     3 ||    12
       Potion            |       |       |       |     3 ||     3
 Stab: Sleeping          |     2 |     1 |     1 |       ||     4
  Eat: Chunk             |     7 |     9 |    17 |    15 ||    48
       Bread ration      |       |       |       |     1 ||     1
Armor: Animal skin       |    13 |       |       |       ||    13
       Leather armour    |    17 |    33 |    97 |       ||   147
       Ring mail         |       |       |    86 |   236 ||   322
Dodge: Dodged            |   105 |    74 |   335 |   430 ||   944
       Rpst.: Falchion   |    25 |       |       |       ||    25
       Scimitar          |     1 |    29 |    77 |       ||   107

Table legend:
 A = Spawn XP
 B = Non-spawn XP
 C = Spawn XP percentage of total XP
 D = Spawn monster count
 E = Non-spawn monster count
 F = Spawn count percentage of total count
 G = Total turns spent on level
                    A         B        C        D         E        F      G
               +---------+---------+-------+---------+---------+-------+---------
         Total |       0 |   15645 |   0.0 |       0 |     259 |   0.0 | 12064
               +---------+---------+-------+---------+---------+-------+---------
           D:1 |       0 |      46 |   0.0 |       0 |      25 |   0.0 |  1334
           D:2 |       0 |      18 |   0.0 |       0 |      10 |   0.0 |   811
           D:3 |       0 |      67 |   0.0 |       0 |      18 |   0.0 |  1565
           D:4 |       0 |     496 |   0.0 |       0 |      20 |   0.0 |  1029
           D:5 |       0 |    1248 |   0.0 |       0 |      21 |   0.0 |  1486
           D:6 |       0 |    1141 |   0.0 |       0 |      24 |   0.0 |  1133
           D:7 |       0 |    4716 |   0.0 |       0 |      38 |   0.0 |  1608
           D:8 |       0 |    1382 |   0.0 |       0 |      25 |   0.0 |  1049
           D:9 |       0 |    2620 |   0.0 |       0 |      22 |   0.0 |   634
          D:10 |       0 |    2691 |   0.0 |       0 |      51 |   0.0 |  1268
          D:11 |       0 |    1220 |   0.0 |       0 |       5 |   0.0 |   147
               +---------+---------+-------+---------+---------+-------+---------
